 Dungeon Crawl Stone Soup version 0.26.0-10-g1f06aea511 (webtiles) character file.

Game seed: 8433105361136119326

9 Dracia the Stinger (level 2, -1/22 HPs)
             Began as a Naga Venom Mage on Jan 20, 2021.
             Slain by a jackal (3 damage)
             ... on level 1 of the Dungeon.
             The game lasted 00:01:00 (394 turns).

Dracia the Stinger (Naga Venom Mage)                 Turns: 394, Time: 00:01:01

Health: -1/22      AC:  1    Str: 10    XL:     2   Next: 16%
Magic:  0/5        EV: 10    Int: 15    God:
Gold:   6          SH:  0    Dex: 11    Spells: 4/5 levels left

rFire    . . .     SeeInvis +   c - +0 dagger
rCold    . . .     Faith    .   (no shield)
rNeg     . . .     Spirit   .   a - +0 robe
rPois    +         Reflect  .   (no helmet)
rElec    .         Harm     .   (no cloak)
rCorr    .         Rampage  .   (no gloves)
Will     .....                  (no barding)
Stlth    ++........             (no amulet)
HPRegen  0.07/turn              (no ring)
MPRegen  0.09/turn              (no ring)

@: very slow
A: large, see invisible, deformed body, poison resistance, slowness 2, spit
poison 1, AC +0
a: Spit Poison


You were on level 1 of the Dungeon.
You visited 1 branch of the dungeon, and saw 1 of its levels.

You collected 6 gold pieces.


Innate Abilities, Weirdness & Mutations

You cannot wear boots.
Your serpentine skin is tough. (AC +0)
You have supernaturally acute eyesight. (SInv)
Armour fits poorly on your strangely shaped body.
Your system is resistant to poisons. (rPois)
You cover ground very slowly.
You can spit poison.


   Skills:
 - Level 1.5 Dodging
 - Level 3.0 Stealth
 - Level 2.0 Spellcasting
 - Level 1.0 Transmutations
 + Level 4.8 Poison Magic


You had 4 spell levels left.
You knew the following spells:

 Your Spells              Type           Power        Failure   Level
z - Sting                 Tmut/Pois      40%          7%          1

Your spell library contained the following spells:

 Spells                   Type           Power        Failure   Level
 Poisonous Vapours        Pois/Air       16%          12%         2
 Ignite Poison            Fire/Tmut/Pois 7%           30%         3
 Olgreb's Toxic Radiance  Pois           16%          30%         4
 Mephitic Cloud           Conj/Pois/Air  6%           34%         3

Inventory:

Hand Weapons
 c - a +0 dagger (weapon)
Armour
 a - a +0 robe (worn)
Scrolls
 b - a scroll of identify {unknown}
 d - a scroll of fog {unknown}

Dungeon Overview and Level Annotations

Branches:
Dungeon (1/15)

Altars:

######## #......# #########
####......######........
...............@........
###.........###h.......
........................
........................
...............†.#####.#..#
..............###......#...
..............# #.#######..
..............###.####....#
..............+........##.#


You could see a jackal (poisoned).


Message History

The jackal is severely wounded.
The jackal closely misses you. The jackal bites you.
* * * LOW HITPOINT WARNING * * *
The jackal barely misses you.
You hit the jackal but do no damage.
The jackal is almost dead.
You kill the jackal!
The jackal closely misses you.
You barely miss the jackal. The jackal misses you.
The jackal closely misses you.
You hit the jackal but do no damage. The jackal bites you.
* * * LOW HITPOINT WARNING * * *
You barely miss the jackal. The jackal bites you.
* * * LOW HITPOINT WARNING * * *
The jackal barely misses you.
You hit the jackal but do no damage. The jackal closely misses you.
Unknown command.
Casting: Sting (safe; 7% risk of failure)
Confirm with . or Enter, or press ? or * to list all spells.
Aiming: Sting (safe; 7% risk of failure)
Press: ? - help, Shift-Dir - straight line, f - jackal
Aim: a jackal (36% to evade)
The sting hits the jackal.
The jackal is poisoned.
The jackal is heavily wounded.
The jackal bites you but does no damage.
Unknown command.
You closely miss the jackal.
The jackal is heavily wounded.
The jackal bites you.
You die...

Action                   || total
-------------------------++-------
Melee: Dagger            ||    11
 Cast: Sting             ||    12
 Abil: Spit Poison       ||     1
Armor: Robe              ||     6
Dodge: Dodged            ||    17

Levels and vault maps discovered:
D:1:      dpeg_arrival_subterranean_lakeside_camping, layout_basic

Notes
Turn   | Place    | Note
-------+----------+-------------------------------------------
     0 | D:1      | Dracia the Naga Venom Mage began the quest for the Orb.
     0 | D:1      | Reached XP level 1. HP: 15/15 MP: 3/3
   383 | D:1      | Reached XP level 2. HP: 19/22 MP: 3/5
   391 | D:1      | HP: 2/22 [jackal (3)]
   394 | D:1      | Slain by a jackal

Vanquished Creatures
  A dart slug (D:1)
  3 jackals (D:1)
  3 bats (D:1)
7 creatures vanquished.

Table legend: (Time is in decaauts)
 A = Elapsed time spent in this place.
 B = Non-inter-level travel time spent in this place.
 C = Inter-level travel time spent in this place.
 D = Time resting spent in this place.
 E = Time spent auto-exploring this place.
 F = Levels seen in this place.
 G = Mean time per level.
                   A        B        C        D        E       F      G
               +--------+--------+--------+--------+--------+-----+--------+
         Total |    503 |    466 |     37 |      0 |    413 |   1 |  503.0 |
       Dungeon |    503 |    466 |     37 |      0 |    413 |   1 |  503.0 |
               +--------+--------+--------+--------+--------+-----+--------+

Top non-repeatable levels by time:
     D:1: 503 daAuts

Table legend:
 A = Non-vault XP
 B = Vault XP
 C = Vault XP percentage of total XP
 D = Non-vault monster count
 E = Vault monster count
 F = Vault count percentage of total count
                 A         B        C        D         E       F
            +---------+---------+-------+---------+---------+-------
      Total |      14 |       0 |   0.0 |       7 |       0 |   0.0
            +---------+---------+-------+---------+---------+-------
        D:1 |      14 |       0 |   0.0 |       7 |       0 |   0.0
            +---------+---------+-------+---------+---------+-------
